 Dungeon Crawl Stone Soup version 0.32-a0-20-ge526923d97 (webtiles) character file.

Game seed: 14179611900685507619

13 croobank the Sneak (level 2, -8/24 HPs)
             Began as a Human Delver on Jan 18, 2024.
             Was an Initiate of Hepliaklqana.
             Killed by divine providence
             ... invoked by an orc priest
              (10 damage)
             ... on level 4 of the Dungeon.
             The game lasted 00:03:34 (205 turns).

croobank the Sneak (Human Delver)                    Turns: 205, Time: 00:03:35

Health: -8/24      AC:  3    Str: 12    XL:     2   Next: 37%
Magic:  2/2        EV: 12    Int: 10    God:    Hepliaklqana [......]
Gold:   25         SH:  0    Dex: 14    Spells: 1/1 levels left

rFire   . . .        a - +0 short sword
rCold   . . .        (no shield)
rNeg    . . .        b - +0 leather armour
rPois   .            (no helmet)
rElec   .            (no cloak)
rCorr   .            (no gloves)
SInv    .            (no boots)
Will    .....        (no amulet)
Stlth   +++          (no ring)
HPRegen 0.24/turn    (no ring)
MPRegen 0.08/turn

%: no passive effects
@: no status effects
A: explore regen
a: Renounce Religion


You were on level 4 of the Dungeon.
You worshipped Hepliaklqana.
Hepliaklqana was noncommittal.
You visited 2 branches of the dungeon, and saw 4 of its levels.

You collected 25 gold pieces.

Inventory:

Hand Weapons
 a - a +0 short sword (weapon)
Missiles
 d - 3 boomerangs (quivered)
Armour
 b - a +0 leather armour (worn)
Wands
 f - a wand of iceblast (3)
 g - a wand of digging (2)
Scrolls
 c - a scroll of fog
 e - a scroll of fear


   Skills:
 + Level 3.1 Fighting
 + Level 2.2 Short Blades
 + Level 2.2 Dodging
 + Level 5.1 Stealth


You had one spell level left.
You didn't know any spells.
Your spell library was empty.

Dungeon Overview and Level Annotations

Branches:
Dungeon (6/15)             Temple (1/1) D:6

Altars:
Dithmenos
Elyvilon
Hepliaklqana
Makhleb
Qazlal
Ru
Sif Muna
Uskayaw
Vehumet
Wu Jian
Xom
Yredelemnul
Zin


Innate Abilities, Weirdness & Mutations

You regain HP and MP as you explore.


Message History

Ouch! That really hurt!
* * * LOW HITPOINT WARNING * * *
You hear some strange, mumbled words.
You are confused.
You are too confused!
You aren't carrying any potions.
You hear some strange, mumbled words.
You are more confused.
The orc priest invokes the aid of Beogh against you.
Something writhes in agony.
You bump into the rock wall.
Something hits you.
* * * LOW HITPOINT WARNING * * *
You bump into the rock wall.
Something hits you.
* * * LOW HITPOINT WARNING * * *
Something hits you but does no damage.
You barely miss something.
You're too confused to move!
Something hits you.
* * * LOW HITPOINT WARNING * * *
You barely miss something. Something hits you.
* * * LOW HITPOINT WARNING * * *
The orc priest calls down the wrath of Beogh upon you.
Something writhes in agony.
You bump into the rock wall.
You feel less confused. Something barely misses you.
The orc priest mumbles some strange prayers to Beogh against you.
Something writhes in agony!
Reactivating autopickup.
You feel a bit more experienced.
You have reached level 2!
Aiming: Iceblast
Press: ? - help, Shift-Dir - straight line, f/p - orc priest
Aim: an orc priest, wielding a +1 whip of electrocution and wearing a +0 leather armour The mass of ice explodes!
The iceblast engulfs the orc priest!
The orc priest is heavily wounded.
The iceblast engulfs something!
The orc priest mumbles some strange prayers to Beogh against you.
Beogh smites you!
You die...

#)# #.#
#.# #.#
#o# #{#
#o# #)#
#@#
........#
#########


You could see an orc priest and an orc.

Vanquished Creatures
  An orc (D:4)
  A hobgoblin (D:4)
2 creatures vanquished.

Vanquished Creatures (others)
  An orc wizard (D:4)
1 creature vanquished.

Grand Total: 3 creatures vanquished

Notes
Turn   | Place    | Note
-------+----------+-------------------------------------------
     0 | D:5      | croobank the Human Delver began the quest for the Orb.
     0 | D:5      | Reached XP level 1. HP: 18/18 MP: 1/1
     1 | D:6      | Found a staircase to the Ecumenical Temple.
     8 | Temple   | Entered the Ecumenical Temple
    19 | Temple   | Became a worshipper of Hepliaklqana the Forgotten
    30 | D:6      | Noticed a sky beast
    54 | D:5      | Noticed an iguana
    82 | D:5      | Noticed a gnoll sergeant
   108 | D:4      | Noticed a hound
   170 | D:4      | Noticed an orc priest
   171 | D:4      | Noticed an orc wizard
   175 | D:4      | Noticed an orc wizard
   204 | D:4      | Killed an orc wizard
   205 | D:4      | Reached XP level 2. HP: 2/24 MP: 2/2
   205 | D:4      | Killed from afar by an orc priest

Illustrated notes

Levels and vault maps discovered:
D:4:      layout_loops_ring, serial_undead, serial_undead_a, serial_undead_f,
          serial_undead_b, serial_undead_b
D:5:      layout_cave_pools, nicolae_shop_clearance
D:6:      nicolae_cairo_tiling, layout_basic, nemelex_diamond_rough_becter,
          grunt_temple_overflow_open, minmay_temple_entry_mist
Temple:   nicolae_temple_god_jail

Action                     || total
---------------------------++-------
  Melee: Short sword       ||     5
  Evoke: Wand              ||     3
    Use: Scroll            ||     2
         Potion            ||     1
   Stab: Sleeping          ||     1
 Armour: Leather armour    ||    10
  Dodge: Dodged            ||     2

Table legend: (Time is in decaauts)
 A = Elapsed time spent in this place.
 B = Non-inter-level travel time spent in this place.
 C = Inter-level travel time spent in this place.
 D = Time resting spent in this place.
 E = Time spent auto-exploring this place.
 F = Levels seen in this place.
 G = Mean time per level.
                   A        B        C        D        E       F      G
               +--------+--------+--------+--------+--------+-----+--------+
         Total |    189 |    179 |     10 |      0 |     23 |   4 |   47.2 |
       Dungeon |    168 |    167 |      1 |      0 |     23 |   3 |   56.0 |
        Temple |     20 |     11 |      9 |      0 |      0 |   1 |   20.0 |
               +--------+--------+--------+--------+--------+-----+--------+

Top non-repeatable levels by time:
     D:4: 85 daAuts
     D:5: 65 daAuts
  Temple: 20 daAuts
     D:6: 17 daAuts
